 Dungeon Crawl Stone Soup version 0.23.2-1-ga50397a6bc (webtiles) character file.

Game seed: 10655232280509260329

13724 Mrkan the Basher (level 11, 0/101 HPs)
             Began as a Minotaur Berserker on May 22, 2019.
             Was the Champion of Trog.
             Slain by a catoblepas (11 damage)
             ... while petrified by you
             ... on level 8 of the Dungeon.
             The game lasted 00:24:22 (9395 turns).

Mrkan the Basher (Minotaur Berserker)               Turns: 9395, Time: 00:24:23

Health: 0/101      AC: 18    Str: 26    XL:     11   Next: 79%
Magic:  0/10       EV:  2    Int:  4    God:    Trog [******]
Gold:   745        SH:  0    Dex: 13    Spells: 10/10 levels left

rFire    . . .     SeeInvis +   w - +3 flail (protect)
rCold    + . .     Gourm    .   I - +1 shield {AC+3}
rNeg     + + +     Faith    +   e - +0 plate armour
rPois    ∞         Spirit   +   N - +1 hat
rElec    .         Reflect  .   v - scarf {Spirit}
rCorr    +         Harm     .   (no gloves)
MR       +++..                  (no boots)
Stlth    ..........             n - amulet of faith
HPRegen  1.26/turn              J - ring of resist corrosion
MPRegen  0.12/turn              B - ring of Ceicompa {*Corrode rC+ MR+ Str+4 SInv}

@: petrified, berserk cooldown, regenerating, slowed
A: retaliatory headbutt, horns 2
a: Berserk, Trog's Hand, Brothers in Arms, Renounce Religion


You were on level 8 of the Dungeon.
You worshipped Trog.
Trog was exalted by your worship.
You were very hungry.

You visited 1 branch of the dungeon, and saw 11 of its levels.
You also visited: Sewer.

You collected 925 gold pieces.
You spent 180 gold pieces at shops.

Inventory:

Hand Weapons
 a - a +0 mace
 w - a +3 flail of protection (weapon)
 O - a +5 antimagic flail
 Q - a +2 antimagic broad axe
 V - a +3 scimitar of flaming
Armour
 e - a +0 plate armour (worn)
 v - a scarf of spirit shield (worn)
 I - a +1 shield of protection (worn)
 N - a +1 hat (worn)
Jewellery
 d - an uncursed ring of protection from magic
 n - an amulet of faith (around neck)
 z - an uncursed ring of positive energy {unknown}
 A - an uncursed ring of flight
 B - the ring of Ceicompa (right hand) {*Corrode rC+ MR+ Str+4 SInv}
   (You found it on level 5 of the Dungeon)

   [ring of protection from magic]

   It affects your strength (+4).
   It protects you from cold.
   It affects your resistance to hostile enchantments.
   It lets you see invisible.
   It may corrode you when you take damage.
 J - a ring of resist corrosion (left hand)
 K - an uncursed ring of poison resistance
 L - an uncursed ring of wizardry {unknown}
Wands
 u - a wand of paralysis (9)
 y - a wand of random effects (13)
 F - a wand of polymorph (10)
 H - a wand of clouds (5)
 P - a wand of acid (11)
 R - a wand of digging (2)
Scrolls
 b - 2 scrolls of identify
 f - 4 scrolls of magic mapping
 g - 7 scrolls of remove curse
 m - 2 scrolls of immolation
 p - a scroll of holy word {unknown}
 q - a scroll of fear
 r - 4 scrolls of teleportation
 t - 3 scrolls of enchant weapon
 C - 3 scrolls of amnesia
Potions
 h - 4 potions of curing
 i - 6 potions of might {unknown}
 j - a potion of ambrosia {unknown}
 k - 2 potions of berserk rage {unknown}
 l - 5 potions of heal wounds {unknown}
 o - a potion of cancellation {unknown}
 s - 3 potions of haste {unknown}
 x - 3 potions of agility
 D - 2 potions of flight {unknown}
 E - 2 potions of magic {unknown}
 G - a potion of lignification {unknown}
 S - a potion of mutation {unknown}
 T - a potion of brilliance {unknown}
 U - a potion of degeneration {unknown}
Comestibles
 c - 27 rations
 M - 2 chunks of flesh


   Skills:
 - Level 10.5 Fighting
 - Level 13.8 Maces & Flails
 + Level 9.2 Armour
 - Level 2.1 Dodging
 * Level 12.1 Shields


You had 10 spell levels left.
You didn't know any spells.
Your spell library was empty.

Dungeon Overview and Level Annotations

Branches:
Dungeon (11/15)            Temple (0/1) D:7            Lair (0/6) D:8
    Orc (0/2) D:9

Altars:
Cheibriados
Dithmenos
Fedhas
Gozag
Hepliaklqana
Kikubaaqudgha
Makhleb
Nemelex Xobeh
Qazlal
Ru
Sif Muna
Vehumet
Xom

Shops:
D:7 *

Annotations:
D:5 2 runed translucent doors
D:7 2 transporters
D:9 3 runed translucent doors, exclusion: obsidian statue, Dommiel19's ghost, novice TrBe


Innate Abilities, Weirdness & Mutations

You reflexively headbutt those who attack you in melee.
You have a pair of horns on your head.


Message History

Unknown command.
You feel better.
You are engulfed in calcifying dust.
You are slowing down.
The catoblepas breathes a plume of calcifying dust at you.
The blast of calcifying dust hits you but does no damage.
Okay, then.
Your skin crawls.
You feel resistant to hostile enchantments.
You feel somewhat more hungry.
You are engulfed in calcifying dust.
The catoblepas gores you.
* * * LOW HITPOINT WARNING * * *
The catoblepas gores you.
You have turned to stone.
The catoblepas gores you!
* * * LOW HITPOINT WARNING * * *
The catoblepas gores you!
* * * LOW HITPOINT WARNING * * *
The catoblepas gores you!!
* * * LOW HITPOINT WARNING * * *
The catoblepas gores you!!
You die...

#..........##.###.#.###........#.
#.............# #.#.###........##
#.........##### #.#...#..........
#########.# #.###.#.#.##'#.##
..........# #.......#....#.##
##...#########################...
#[..# #.........'.P.P.P.P.#####
#...# #........Y#.........# #..
##...# #.......@.#.......).# #.#
.....# #.........#P.P.P.P†.###.#
############'##############'#...#
# #>...#....# ........#.### #
#....#.⌠..# ........#.... #
#....#..⌠.# ........#####
#....'....# ........#....
########### ........#.##.
#....)....# ........#.#..


You could see a catoblepas.

Vanquished Creatures
  A hydra (D:8)
  A centaur warrior (D:11)
  2 two-headed ogres
  An unseen horror (D:11)
  A manticore (D:11)
  2 trolls
  A hippogriff (D:8)
  Sigmund (D:2)
  2 humans
  A vampire (D:8)
  2 wyverns
  3 hogs (D:7)
  9 yaks
  A hungry ghost (D:10)
  A steam dragon (D:10)
  2 wargs (D:9)
  An acid dragon (D:11)
  3 water moccasins
  4 orc warriors
  An eye of draining (D:10)
  4 ice beasts
  A sky beast (D:7)
  A black bear (D:10)
  A phantom (D:5)
  A necrophage (D:7)
  7 centaurs
  5 ogres
  A big kobold (D:11)
  2 crocodiles (D:8)
  9 bullfrogs
  5 scorpions
  4 killer bees (D:10)
  14 wights
  6 howler monkeys
  2 bullfrog zombies
  4 crimson imps
  A quasit (D:9)
  4 jellies
  A centaur skeleton (D:9)
  7 orc priests
  2 bullfrog skeletons
  10 hounds
  Terence (D:3)
  13 orc wizards
  7 worker ants
  An iguana (D:10)
  A hound zombie (D:5)
  2 hound skeletons
  2 worker ant zombies
  Robin (D:2)
  6 gnolls (D:4)
  4 river rats
  16 adders
  5 shadow imps
  An ooze (D:4)
  2 adder zombies
  3 adder skeletons
  3 worms (D:3)
  2 dart slugs
  9 leopard geckos
  51 orcs
  8 ball pythons
  10 giant cockroaches
  17 goblins
  14 hobgoblins
  10 jackals
  8 kobolds
  3 quokkas
  10 bats
  9 frilled lizards
  A jackal skeleton (D:5)
  A quokka skeleton (D:8)
  11 rats
364 creatures vanquished.

Notes
Turn   | Place    | Note
-------+----------+-------------------------------------------
     0 | D:1      | Mrkan the Minotaur Berserker began the quest for the Orb.
     0 | D:1      | Reached XP level 1. HP: 19/19 MP: 0/0
    44 | D:1      | Reached skill level 4 in Maces & Flails
    94 | D:1      | Reached XP level 2. HP: 27/27 MP: 1/1
   683 | D:2      | Reached XP level 3. HP: 33/33 MP: 2/2
   702 | D:2      | Reached ** piety under Trog
   741 | D:2      | Reached skill level 5 in Maces & Flails
   978 | D:2      | Reached XP level 4. HP: 41/41 MP: 3/3
  1058 | D:2      | Noticed Robin
  1082 | D:2      | Killed Robin
  1086 | D:2      | Noticed Sigmund
  1107 | D:2      | Killed Sigmund
  1107 | D:2      | Reached skill level 5 in Fighting
  1107 | D:2      | Reached skill level 7 in Maces & Flails
  1107 | D:2      | Reached XP level 5. HP: 28/48 MP: 4/4
  1148 | D:2      | Reached XP level 6. HP: 40/56 MP: 5/5
  1233 | D:2      | Found a blossoming altar of Fedhas.
  1356 | D:2      | Found a deep blue altar of Sif Muna.
  1443 | D:3      | Found a glowing drain.
  1473 | D:3      | Reached *** piety under Trog
  1494 | Sewer    | Entered a sewer
  1835 | D:3      | Found a shimmering altar of Xom.
  2033 | D:3      | Found a shadowy altar of Dithmenos.
  2105 | D:3      | Noticed Terence
  2111 | D:3      | Killed Terence
  2266 | D:3      | Found a radiant altar of Vehumet.
  2471 | D:3      | Found an ancient bone altar of Kikubaaqudgha.
  2648 | D:4      | Reached **** piety under Trog
  2659 | D:4      | Reached skill level 8 in Maces & Flails
  2688 | D:4      | Reached XP level 7. HP: 39/63 MP: 6/6
  3114 | D:4      | Reached skill level 9 in Maces & Flails
  3701 | D:5      | Entered Level 5 of the Dungeon
  4041 | D:5      | Found a large runed translucent door.
  4041 | D:5      | Found a large runed translucent door.
  4075 | D:5      | Reached XP level 8. HP: 73/73 MP: 7/7
  4118 | D:5      | Found a large runed translucent door.
  4118 | D:5      | Found a large runed translucent door.
  4145 | D:5      | Reached skill level 10 in Maces & Flails
  4273 | D:5      | Got a coiled bone ring
  4378 | D:5      | Found an opulent altar of Gozag.
  4456 | D:5      | Found a hazy altar of Hepliaklqana.
  4638 | D:5      | Identified the ring of Ceicompa {*Corrode rC+ MR+ Str+4
                  | SInv} (You found it on level 5 of the Dungeon)
  4654 | D:6      | Reached skill level 11 in Maces & Flails
  4729 | D:6      | Reached ***** piety under Trog
  4919 | D:6      | Reached XP level 9. HP: 69/83 MP: 6/8
  4921 | D:6      | Reached skill level 12 in Maces & Flails
  5095 | D:7      | Found a snail-covered altar of Cheibriados.
  5101 | D:7      | Found a burning altar of Makhleb.
  5101 | D:7      | Noticed a manticore
  5103 | D:7      | Found a stormy altar of Qazlal.
  5149 | D:7      | Found Poneh's Assorted Antiques.
  5155 | D:7      | Bought a shiny shield for 180 gold pieces
  5253 | D:7      | Found a sparkling altar of Nemelex Xobeh.
  5284 | D:7      | Noticed a troll
  5298 | D:7      | Killed a troll
  5322 | D:7      | Found a transporter.
  5341 | D:7      | Found a sacrificial altar of Ru.
  5417 | D:7      | Reached skill level 13 in Maces & Flails
  5422 | D:7      | Reached skill level 10 in Fighting
  5610 | D:7      | Found a staircase to the Ecumenical Temple.
  5616 | D:7      | Found a transporter.
  5758 | D:8      | Found a staircase to the Lair.
  5778 | D:8      | Reached XP level 10. HP: 69/94 MP: 6/9
  5832 | D:8      | Reached skill level 1 in Shields
  6799 | D:9      | Found a runed translucent gate.
  6799 | D:9      | Found a runed translucent gate.
  6799 | D:9      | Found a runed translucent gate.
  6801 | D:9      | Found an opulent altar of Gozag.
  6801 | D:9      | Noticed a two-headed ogre
  6802 | D:9      | Noticed an obsidian statue
  6803 | D:9      | Noticed Dommiel19's ghost (novice TrBe)
  6860 | D:9      | Reached skill level 5 in Shields
  6861 | D:9      | Received a gift from Trog
  6994 | D:9      | Reached skill level 5 in Armour
  7074 | D:9      | Found a staircase to the Orcish Mines.
  7681 | D:10     | Entered Level 10 of the Dungeon
  8028 | D:10     | Reached ****** piety under Trog
  8455 | D:11     | Noticed an unseen horror
  8462 | D:11     | Killed an unseen horror
  8462 | D:11     | Reached XP level 11. HP: 101/101 MP: 8/10
  8480 | D:11     | Received a gift from Trog
  8562 | D:11     | Noticed a centaur warrior
  8571 | D:11     | Killed a centaur warrior
  8571 | D:11     | Reached skill level 10 in Shields
  8744 | D:11     | Noticed a two-headed ogre
  8756 | D:11     | Killed a two-headed ogre
  9137 | D:8      | Noticed a two-headed ogre
  9149 | D:8      | Killed a two-headed ogre
  9199 | D:8      | Noticed a great orb of eyes
  9199 | D:8      | Noticed a deep elf mage
  9199 | D:8      | Noticed a catoblepas
  9254 | D:8      | Received a gift from Trog
  9297 | D:8      | Noticed a four-headed hydra
  9307 | D:8      | Killed a four-headed hydra
  9395 | D:8      | Slain by a catoblepas

Skill      XL: |  1  2  3  4  5  6  7  8  9 10 11 |
---------------+----------------------------------+-----
Maces & Flails | 4 5 7 8 9 11 13 | 13.8
Fighting       | 4 5 6 7 9 10 | 10.5
Shields        | 9 12 | 12.1
Armour         | 6 9 |  9.2
Dodging        | |  2.1

Action                   |  1- 3 |  4- 6 |  7- 9 | 10-12 || total
-------------------------+-------+-------+-------+-------++-------
Melee: Mace              |    82 |   225 |       |       ||   307
       Headbutt          |    11 |    40 |    53 |    89 ||   193
       Flail             |       |     3 |   280 |   428 ||   711
Invok: Berserk           |       |       |     2 |    11 ||    13
       Trog's Hand       |       |       |       |     2 ||     2
  Use: Scroll            |       |       |    12 |       ||    12
       Potion            |       |       |       |     2 ||     2
  Eat: Chunk             |       |     6 |    11 |    18 ||    35
       Ration            |       |       |       |     1 ||     1
Armor: Plate armour      |    53 |   124 |   186 |   198 ||   561
       Animal skin       |     1 |       |       |       ||     1
Dodge: Dodged            |    39 |    83 |    98 |    98 ||   318
Block: Shield            |       |       |    41 |   295 ||   336
